 Dungeon Crawl Stone Soup version 0.27-a0-1065-ge809cff456 (webtiles) character file.

Game seed: 13678905921784581187

53 sizableburger the Chucker (level 3, -12/28 HPs)
             Began as a Mummy Hunter on Apr 22, 2021.
             Mangled by a gnoll
             ... wielding a +1 halberd of venom
              (20 damage)
             ... on level 2 of the Dungeon.
             The game lasted 00:04:13 (2710 turns).

sizableburger the Chucker (Mummy Hunter)            Turns: 2710, Time: 00:04:14

Health: -12/28     AC:  3    Str: 16    XL:     3   Next: 62%
Magic:  3/3        EV: 11    Int: 10    God:
Gold:   100        SH:  0    Dex: 12    Spells: 2/2 levels left

rFire    x . .     SeeInvis .   k - +0 flail
rCold    + . .     Faith    .   (no shield)
rNeg     + + +     Spirit   .   b - +0 leather armour
rPois    ∞         Reflect  .   (no helmet)
rElec    .         Harm     .   (no cloak)
rCorr    .         Rampage  .   (no gloves)
Will     .....                  (no boots)
Stlth    +.........             (no amulet)
HPRegen  0.09/turn              (no ring)
MPRegen  0.08/turn              (no ring)

@: no status effects
A: cold resistance 1, negative energy resistance 3, torment resistance 2,
unbreathing 1, heat vulnerability 1, no potions
a: no special abilities


You were on level 2 of the Dungeon.
You visited 1 branch of the dungeon, and saw 2 of its levels.

You collected 100 gold pieces.

Inventory:

Hand Weapons
 a - a +0 short sword
 f - a +0 mace
 k - a +0 flail (weapon)
Missiles
 c - a javelin (quivered)
 e - 7 datura-tipped darts
Armour
 b - a +0 leather armour (worn)
Scrolls
 h - a scroll of teleportation {unknown}
 i - a scroll of torment {unknown}
 j - a scroll of identify {unknown}
 l - a scroll of magic mapping {unknown}


   Skills:
 + Level 2.8 Fighting
 - Level 1.0 Short Blades
 + Level 0.6 Maces & Flails
 + Level 3.7 Throwing
 - Level 1.5 Dodging
 - Level 0.7 Stealth


You had 2 spell levels left.
You didn't know any spells.
Your spell library contained the following spells:

 Spells                   Type           Power      Damage    Failure   Level
 Magic Dart               Conj           0%         1d3       43%         1
 Blink                    Tloc           N/A        N/A       56%         2
 Call Imp                 Summ           0%         N/A       56%         2
 Slow                     Hex            0%         N/A       56%         2
 Conjure Flame            Conj/Fire      0%         6-21      80%         3
 Mephitic Cloud           Conj/Pois/Air  0%         N/A       80%         3


Dungeon Overview and Level Annotations

Branches:
Dungeon (2/15)

Altars:


Innate Abilities, Weirdness & Mutations

You are immune to poison.
Your flesh is cold resistant. (rC+)
You are immune to negative energy. (rN+++)
You are immune to unholy pain and torment.
You can survive without breathing.
You are vulnerable to heat. (rF-)
You do not drink.


Message History

You see here a javelin.
c - 2 javelins (gained 1)
The hound barely misses you. The hound bites you.
A bat comes into view.
The hound bites you.
There is an open door here.
Throw: 2 javelins
Press: ? - help, Q - select action, (/) - cycle Shift-Dir - straight line, f - hound
Aim: a hound (48% to hit)
You throw a javelin. The javelin pierces through the hound.
The hound is moderately wounded.
The javelin pierces through the gnoll.
The gnoll is heavily wounded.
The bat hits you but does no damage. The hound bites you but does no damage.
The hound closely misses you. The hound bites you.
Throw: 8 darts (datura)
Press: ? - help, Q - select action, (/) - cycle Shift-Dir - straight line, f/p - hound
Aim: a hound (moderately wounded, 48% to hit, chance to frenzy on hit: 83%)
You throw a datura-tipped dart.
The datura-tipped dart misses the hound.
The datura-tipped dart hits the gnoll.
The gnoll flies into a frenzy!
The gnoll is heavily wounded.
Something barely misses the gnoll.
The gnoll barely misses the hound.
The hound closely misses you.
The gnoll barely misses the hound.
The hound misses you.
Things that are here:
2 throwing nets; 3 javelins The gnoll barely misses the hound.
The gnoll shouts!
The gnoll barely misses the bat.
The bat hits the gnoll.
The hound misses you.
You see here a +0 dagger.
The hound bites you.
* * * LOW HITPOINT WARNING * * *
The gnoll hits the bat with a +1 halberd of venom!
The bat dies!
The gnoll hits you with a +1 halberd of venom!!
Ouch! That really hurt!
You die...

#...# #.##.#
####.#.####.##.# # #
#......[.....#.#
#.#.###.(########+.#.#
#.#.#...#....... .#.#
#.......#b+####+
###.#(..#.# ##.#...#.#
#....g@#.# #.##)#h#.#
# #.#.#.+ #...# ###.+
#... ...... ####..#
..#


You could see a hound and a neutral gnoll (fast, strong, insane).

Vanquished Creatures
  2 worms (D:2)
  5 dart slugs
  A ball python (D:2)
  3 endoplasms (D:1)
  2 giant cockroaches (D:1)
  4 hobgoblins
  2 jackals (D:1)
  3 bats
  3 goblins (D:1)
  4 kobolds
  8 rats
37 creatures vanquished.

Vanquished Creatures (collateral kills)
  A bat (D:2)
1 creature vanquished.

Grand Total: 38 creatures vanquished

Notes
Turn   | Place    | Note
-------+----------+-------------------------------------------
     0 | D:1      | sizableburger the Mummy Hunter began the quest for the Orb.
     0 | D:1      | Reached XP level 1. HP: 16/16 MP: 1/1
   300 | D:1      | Reached XP level 2. HP: 21/22 MP: 2/2
   785 | D:1      | Reached skill level 1 in Short Blades
  1222 | D:1      | Reached XP level 3. HP: 28/28 MP: 3/3
  1743 | D:2      | Found a faded altar of an unknown god.
  2710 | D:2      | Mangled by a gnoll

Illustrated notes

Levels and vault maps discovered:
D:1:      ncdulo_wetmaze, layout_basic, minmay_rat_gold_closets
D:2:      layout_loops_ring, ebering_ecumenical_altar_abandoned, minivault_11

Skill      XL: |  1  2 |
---------------+-------+-----
Short Blades   | 1 |  1.0
Fighting       | |  2.8
Maces & Flails | |  0.6
Throwing       | |  3.7
Dodging        | |  1.5
Stealth        | |  0.7

Action                   || total
-------------------------++-------
Melee: Short sword       ||    46
       Mace              ||    31
       Flail             ||    30
Throw: Javelin           ||    15
       Throwing net      ||     2
       Dart              ||     1
  Use: Scroll            ||     1
 Stab: Sleeping          ||     2
Armor: Leather armour    ||    31
Dodge: Dodged            ||    83

Table legend: (Time is in decaauts)
 A = Elapsed time spent in this place.
 B = Non-inter-level travel time spent in this place.
 C = Inter-level travel time spent in this place.
 D = Time resting spent in this place.
 E = Time spent auto-exploring this place.
 F = Levels seen in this place.
 G = Mean time per level.
                   A        B        C        D        E       F      G
               +--------+--------+--------+--------+--------+-----+--------+
         Total |   2746 |   2612 |    134 |   1047 |   1114 |   2 | 1373.0 |
       Dungeon |   2746 |   2612 |    134 |   1047 |   1114 |   2 | 1373.0 |
               +--------+--------+--------+--------+--------+-----+--------+

Top non-repeatable levels by time:
     D:1: 1748 daAuts
     D:2: 998 daAuts
